 Dungeon Crawl Stone Soup version bcrawl-1.40.2 (webtiles) character file.

Game seed: 17216342922451404119

454267 Mehrunes the Fencer (level 15, -12/119 HPs)
             Began as a High Elf Skald on Nov 3, 2023.
             Was the Champion of Okawaru.
             Mangled by a golden dragon simulacrum (37 damage)
             ... in an ice cave.
             The game lasted 00:43:16 (24487 turns).

Mehrunes the Fencer (High Elf Skald)               Turns: 24487, Time: 00:43:17

Health: -12/119    AC: 20    Str: 15    XL:     15   Next: 32%
Magic:  18/19      EV: 20    Int: 22    God:    Okawaru [******]
Gold:   1651       SH:  8    Dex: 18    Spells: 4/18 levels left

rFire    + . .     GDR:     37% a - +7 triple sword (drain)
rCold    . . .     SeeInvis .   (shield currently unavailable)
rNeg     . . .     Gourm    .   o - +0 swamp dragon scales
rPois    +         Faith    .   E - +0 helmet
rElec    .         Spirit   .   P - +2 cloak
rCorr    .         Reflect  .   L - +0 pair of gloves
MR       +....                  H - +2 pair of boots
Stlth    +.........             d - amulet of magic regeneration
HPRegen  0.29/turn              u - ring of poison resistance
MPRegen  0.48/turn              D - ring of protection from fire

@: infused, singing
A: obsessive focus, MP-powered wands
a: Heroism, Finesse, Renounce Religion


You were in an ice cave.
You worshipped Okawaru.
Okawaru was exalted by your worship.
You were near starving.

You visited 3 branches of the dungeon, and saw 19 of its levels.
You also visited: Ice Cave.

You collected 1651 gold pieces.

Inventory:

Hand Weapons
 a - a +7 triple sword of draining (weapon)
 b - the +3 fustibalus of the Vaults {velocity, rPois SInv}
   (Okawaru gifted it to you on level 12 of the Dungeon)

   Any stone fired from it inflicts extra damage.
   It protects you from poison.
   It lets you see invisible.
 V - a +0 scimitar of flaming
Missiles
 v - 72 sling bullets
 Q - 4 throwing nets {=f}
 Z - 3029 stones (quivered)
Armour
 o - +0 swamp dragon scales (worn)
 B - a +1 scale mail of fire resistance
 E - a +0 helmet (worn)
 H - a +2 pair of boots (worn)
 L - a +0 pair of gloves (worn)
 O - a scarf of repulsion
 P - a +2 cloak (worn)
Jewellery
 d - an amulet of magic regeneration (around neck)
 r - an uncursed ring of positive energy {unknown}
 u - a ring of poison resistance (left hand)
 A - a +5 amulet of reflection {unknown}
 D - a ring of protection from fire (right hand)
 J - a +4 amulet of reflection {unknown}
 S - an uncursed ring of see invisible {unknown}
 U - an uncursed ring of wizardry
 X - a cursed -5 ring of strength {unknown}
Wands
 c - a wand of polymorph (21)
 h - a wand of charming (18)
 C - a wand of acid (1)
 M - a wand of flame (72)
 T - a wand of disintegration (26)
 W - a wand of scattershot (6)
Scrolls
 f - 2 scrolls of fear
 g - 5 scrolls of revelation
 i - 2 scrolls of identify
 m - 4 scrolls of amnesia
 p - 4 scrolls of enchant armour
 q - 2 scrolls of fog
 s - 11 scrolls of teleportation
 w - a scroll of silence
 x - 11 scrolls of remove curse
 K - 2 scrolls of vulnerability
Potions
 j - 3 potions of resistance {unknown}
 k - 5 potions of curing
 l - 5 potions of flight
 n - 3 potions of agility
 t - 2 potions of haste
 y - 6 potions of heal wounds
 z - a potion of cancellation {unknown}
 I - 5 potions of might
 N - 4 potions of brilliance
 Y - a potion of magic {unknown}
Miscellaneous
 G - a fan of gales (2/2)
Comestibles
 e - 43 rations {!d}


   Skills:
 + Level 11.5 Fighting
 * Level 18.0 Long Blades
 + Level 11.3 Armour
 + Level 12.4 Dodging
 - Level 2.4 Spellcasting
 + Level 12.2 Charms
 - Level 5.0 Invocations


You had 4 spell levels left.
You knew the following spells:

 Your Spells              Type           Power        Failure   Level  Hunger
a - Infusion              Chrm           ######..     1%          1    None
b - Song of Slaying       Chrm           ######..     1%          2    ##.....
c - Spectral Weapon       Hex/Chrm       ####....     5%          3    ####...
d - Ozocubu's Armour      Chrm/Ice       ####....     5%          3    ####...
e - Swiftness             Chrm/Air       ####....     2%          2    ##.....
f - Regeneration          Chrm/Necr      ####......   5%          3    ####...

Your spell library contained the following spells:

 Spells                   Type           Power        Failure   Level  Hunger
 Flaming Arrows           Chrm/Fire      ####....     2%          2    ##.....
 Throw Frost              Conj/Ice       #.....       13%         2    ##.....
 Flame Tongue             Conj/Fire      #....        22%         1    None
 Freeze                   Ice            #.....       22%         1    None
 Magic Dart               Conj           #...         22%         1    None
 Sandblast                Erth           #.....       22%         1    None
 Static Discharge         Air            #.....       22%         1    None
 Blink                    Tloc           N/A          32%         2    ##.....
 Call Imp                 Summ           #.....       32%         2    ##.....
 Passwall                 Tmut/Erth      #.......     32%         2    ##.....
 Searing Ray              Conj           #.......     32%         2    ##.....
 Shackle                  Hex            #.......     32%         2    ##.....
 Conjure Flame            Conj/Fire      #.......     54%         3    ####...
 Inner Flame              Hex/Fire       N/A          54%         3    ####...
 Iskenderun's Mystic Bla  Conj           #.......     54%         3    ####...
 Mephitic Cloud           Conj/Pois/Air  #.......     54%         3    ####...
 Spider Form              Tmut/Pois      #..          54%         3    ####...
 Stone Arrow              Conj/Erth      #.....       54%         3    ####...
 Fulminant Prism          Conj/Hex       #.........   91%         4    ######.
 Ice Form                 Ice/Tmut       #.......     91%         4    ######.
 Lightning Bolt           Conj/Air       #.......     91%         4    ######.
 Petrify                  Tmut/Erth      #.........   91%         4    ######.
 Sticky Flame             Conj/Fire      #.......     91%         4    ######.
 Summon Ice Beast         Ice/Summ       #.......     91%         4    ######.
 Throw Icicle             Conj/Ice       #.......     91%         4    ######.
 Fireball                 Conj/Fire      #.........   99%         5    #######
 Irradiate                Conj/Tmut      #.........   99%         5    #######
 Lee's Rapid Deconstruct  Erth           #.........   99%         5    #######
 Metabolic Englaciation   Hex/Ice        #.........   99%         5    #######
 Summon Lightning Spire   Summ/Air       #.......     99%         5    #######
 Conjure Ball Lightning   Conj/Air       #.........   100%        6    #######
 Infestation              Hex/Tmut/Pois  #........    100%        6    #######
 Discord                  Hex            #.........   100%        7    #######
 Mana Rupture             Conj/Hex       #.........   100%        7    #######
 Chain Lightning          Conj/Air       #.........   100%        8    #######
 Ignition                 Hex/Fire       #.........   100%        8    #######


Dungeon Overview and Level Annotations

Branches:
Dungeon (12/12)            Temple (0/1) D:5            Lair (6/6) D:9
  Swamp (1/3) Lair:3       Shoals (0/3) Lair:4          Orc (0/1) D:10
    Elf (0/3) Lair:5       Vaults (0/3) D:12         Depths (0/5) D:12

Altars:
Gozag
Kikubaaqudgha
Okawaru
Uskayaw
Vehumet
Xom
Yredelemnul

Shops:
D:5 (   D:6 *   D:8 *   D:9 (

Portals:
Trove: D:10 (give +2 shadow dragon scales)

Annotations:
D:2 1 exclusion
D:3 3 runed translucent doors, yrara's ghost, amateur DsFi
D:4 4 runed doors
D:8 3 runed translucent doors, exclusion: statue, yrara's ghost, novice DsFi


Innate Abilities, Weirdness & Mutations

You can't train low skills.
You expend magic power (3 MP) to strengthen your wands.


Message History

Casting: Spectral Weapon (safe; 5% risk of failure)
Confirm with . or Enter, or press ? or * to list all spells.
You begin infusing your attacks with magical energy.
Casting: Infusion (safe; 1% risk of failure)
Confirm with . or Enter, or press ? or * to list all spells.
You start a new song!
Casting: Song of Slaying (safe; 1% risk of failure)
Confirm with . or Enter, or press ? or * to list all spells.
You draw out your weapon's spirit!
You are near starving!
You slice the golden dragon simulacrum!!
The golden dragon simulacrum is heavily damaged.
Your spectral weapon hits the golden dragon simulacrum!
The golden dragon simulacrum bites you!
The golden dragon simulacrum freezes you!!!
* * * LOW HITPOINT WARNING * * *
The golden dragon simulacrum claws you!
* * * LOW HITPOINT WARNING * * *
The golden dragon simulacrum freezes you!!!
You die...

##§§#
##..#
#○.#
##.##
##°.#
#.○.##
##...#
#(Z.##
#.@.#
#.∩.#
#..##
#.∩.#
#..##
###


You could see a golden dragon simulacrum and a friendly spectral +7 triple sword
of draining.

Vanquished Creatures
  Kirke (D:11)
  A dire elephant (Lair:6)
  An ettin (D:12)
  Azrael (D:12)
  Harold (D:8)
  6 hydras
  Psyche (D:12)
  Erica (D:9)
  A catoblepas (Lair:6)
  2 death knights
  Sonja (Lair:5)
  9 death yaks (Lair:6)
  2 dancing weapons (D:12)
  4 two-headed ogres
  A deep troll shaman (Lair:6)
  2 tengu warriors
  5 centaur warriors
  An unseen horror (D:12)
  4 swamp dragons (Swamp:1)
  2 phantasmal warriors (D:12)
  3 wolf spider zombies
  Pikel (D:9)
  3 ugly things
  An orc sorcerer (D:12)
  A manticore (shapeshifter) (D:12)
  2 manticores
  10 elephants (Lair:6)
  A guardian serpent (shapeshifter) (D:10)
  5 black mambas
  12 cane toads
  2 gargoyles
  2 torpor snails
  A kobold demonologist (D:12)
  2 rime drakes
  2 freezing wraiths (D:12)
  An anaconda simulacrum (IceCv)
  7 komodo dragons
  A tengu conjurer (D:12)
  3 trolls
  3 polar bears
  A polar bear (shapeshifter) (D:8)
  Prince Ribbit (D:8)
  A tyrant leech (Swamp:1)
  2 harpy skeletons (D:8)
  A meliai zombie (D:11)
  12 blink frogs
  4 slime creatures
  14 dream sheep
  12 hippogriffs
  A spriggan (Lair:2)
  Sigmund (D:6)
  54 yaks
  2 hogs (D:11)
  2 fire elementals (D:12)
  A wraith (D:11)
  3 hungry ghosts
  A basilisk (Lair:1)
  8 vampire mosquitoes
  Edmund (D:6)
  An acid dragon (D:10)
  A swamp worm (Swamp:1)
  9 crocodiles
  8 water moccasins
  Duvessa (D:6)
  10 porcupines
  5 hell hounds (D:12)
  5 sky beasts
  3 soldier ants (D:8)
  3 ice beasts
  8 black bears
  3 swamp drakes
  8 orc warriors
  A slave (D:9)
  2 phantoms
  4 necrophages
  7 ogres
  24 wolves
  18 bullfrogs
  A rime drake skeleton (D:10)
  19 centaurs
  8 scorpions
  Dowan (D:6)
  2 killer bees
  12 wights
  4 howler monkeys
  10 orc priests
  11 crimson imps
  A draconian simulacrum (IceCv)
  A quasit (D:8)
  2 bullfrog zombies
  3 jellies
  4 bullfrog skeletons
  8 hounds
  10 orc wizards
  2 iguanas
  A troll simulacrum (IceCv)
  9 worker ants
  A killer bee zombie (D:9)
  A hound skeleton (D:8)
  2 worker ant zombies
  Robin (D:4)
  A howler monkey skeleton (D:9)
  8 adders
  An ogre simulacrum (IceCv)
  A shadow imp (D:11)
  An ufetubus (IceCv)
  2 oozes
  2 adder zombies
  2 adder skeletons
  7 worms
  3 dart slugs
  4 leopard geckos
  46 orcs
  3 bat zombies (D:9)
  2 giant cockroaches
  4 goblins
  8 hobgoblins
  10 jackals
  4 quokkas
  A ball python (D:3)
  4 bats
  3 frilled lizards (D:1)
  11 kobolds
  A quokka skeleton (D:6)
  5 rats
  3 rat zombies (D:9)
  A bush (D:8)
  A fungus (Lair:6)
  A plant (Lair:6)
607 creatures vanquished.

Vanquished Creatures (others)
  A human (D:11)
  An ogre (D:10)
  3 slaves (D:9)
  An ufetubus (IceCv)
  25 fungi
  24 plants
  3 spectral weapons
58 creatures vanquished.

Grand Total: 665 creatures vanquished

Notes
Turn   | Place    | Note
-------+----------+-------------------------------------------
     0 | D:1      | Mehrunes the High Elf Skald began the quest for the Orb.
     0 | D:1      | Reached XP level 1. HP: 16/16 MP: 4/4
   466 | D:1      | Reached XP level 2. HP: 22/22 MP: 3/6
   833 | D:1      | Reached skill level 3 in Long Blades
  1105 | D:1      | Reached XP level 3. HP: 25/28 MP: 7/7
  1142 | D:1      | Learned a level 2 spell: Song of Slaying
  1146 | D:1      | Learned a level 3 spell: Spectral Weapon
  1562 | D:2      | Found a shimmering altar of Xom.
  1562 | D:2      | Found a hide-covered altar of Uskayaw.
  1929 | D:3      | Found a runed translucent gate.
  1929 | D:3      | Found a runed translucent gate.
  1929 | D:3      | Found a runed translucent gate.
  1931 | D:3      | Found an opulent altar of Gozag.
  1972 | D:3      | Noticed an ogre
  2124 | D:3      | Reached XP level 4. HP: 34/34 MP: 8/8
  2177 | D:3      | Found an iron altar of Okawaru.
  2197 | D:3      | Became a worshipper of Warmaster Okawaru
  2814 | D:3      | Noticed yrara's ghost (amateur DsFi)
  2895 | D:4      | Reached skill level 4 in Long Blades
  2957 | D:4      | Reached XP level 5. HP: 40/40 MP: 6/9
  3012 | D:4      | Noticed Robin
  3019 | D:4      | Killed Robin
  3195 | D:4      | Found a large runed door.
  3195 | D:4      | Found a large runed door.
  3195 | D:4      | Noticed a sky beast
  3214 | D:4      | Reached * piety under Okawaru
  3233 | D:4      | Killed a sky beast
  3234 | D:4      | Reached XP level 6. HP: 40/47 MP: 5/10
  3318 | D:4      | Reached skill level 5 in Long Blades
  3466 | D:4      | Reached XP level 7. HP: 16/52 MP: 5/11
  3613 | D:4      | Found a large runed door.
  3613 | D:4      | Found a large runed door.
  3694 | D:4      | Reached skill level 6 in Long Blades
  3758 | D:4      | Identified the Tome of Enthralling Fire
  3836 | D:4      | Reached ** piety under Okawaru
  3912 | D:4      | Reached skill level 5 in Charms
  4420 | D:3      | Found a runed translucent gate.
  4421 | D:3      | Found a runed translucent gate.
  4526 | D:3      | Found a runed translucent gate.
  4527 | D:3      | Found an opulent altar of Gozag.
  4535 | D:3      | Found an iron altar of Okawaru.
  4971 | D:2      | Learned a level 3 spell: Ozocubu's Armour
  5062 | D:5      | Entered Level 5 of the Dungeon
  5082 | D:5      | Reached XP level 8. HP: 60/60 MP: 8/12
  5120 | D:5      | Reached skill level 7 in Long Blades
  5144 | D:5      | Found a staircase to the Ecumenical Temple.
  5465 | D:5      | Reached skill level 5 in Dodging
  5659 | D:5      | Found Fisecaor's Antique Weapon Emporium.
  5671 | D:5      | Reached *** piety under Okawaru
  5898 | D:5      | Found a basalt altar of Yredelemnul.
  5960 | D:6      | Noticed Duvessa
  5960 | D:6      | Noticed Dowan
  5978 | D:6      | Killed Dowan
  5979 | D:6      | Reached skill level 8 in Long Blades
  5986 | D:6      | Killed Duvessa
  6063 | D:6      | Reached skill level 5 in Fighting
  6177 | D:6      | Noticed Sigmund
  6197 | D:6      | Killed Sigmund
  6255 | D:6      | Reached XP level 9. HP: 61/68 MP: 7/13
  6515 | D:6      | Reached skill level 5 in Armour
  6571 | D:6      | Reached skill level 9 in Long Blades
  6749 | D:6      | Reached **** piety under Okawaru
  6798 | D:6      | Noticed Edmund
  6807 | D:6      | Killed Edmund
  7344 | D:6      | Found an iron altar of Okawaru.
  7432 | D:6      | Found Cusiathi's Assorted Antiques.
  7767 | D:7      | Reached skill level 10 in Long Blades
  7898 | D:6      | Reached skill level 1 in Invocations
  8054 | D:6      | Learned a level 2 spell: Swiftness
  8279 | D:7      | Reached ***** piety under Okawaru
  8359 | D:7      | Reached XP level 10. HP: 32/76 MP: 6/14
  8717 | D:7      | Noticed a death knight
  8753 | D:7      | HP: 3/77 [death knight/+0 broad axe (16)]
  8755 | D:7      | Killed a death knight
  9313 | D:7      | Reached skill level 11 in Long Blades
  9512 | D:8      | Found a runed translucent gate.
  9512 | D:8      | Found a runed translucent gate.
  9512 | D:8      | Found a runed translucent gate.
  9512 | D:8      | Noticed yrara's ghost (novice DsFi)
  9720 | D:8      | Got a distressingly furry hat
  9772 | D:8      | Found a radiant altar of Vehumet.
  9949 | D:8      | Found Lifal's Demolitions Depot.
  9973 | D:8      | Noticed Prince Ribbit
  9998 | D:8      | Killed Prince Ribbit
 10189 | D:8      | Noticed Harold
 10226 | D:8      | Killed Harold
 10226 | D:8      | Received a gift from Okawaru
 10227 | D:8      | Reached XP level 11. HP: 55/84 MP: 3/15
 10629 | D:8      | Reached skill level 12 in Long Blades
 10706 | D:8      | Noticed a tengu warrior
 10720 | D:8      | Killed a tengu warrior
 10725 | D:8      | Reached skill level 5 in Invocations
 10733 | D:8      | Noticed a two-headed ogre
 10753 | D:8      | Killed a two-headed ogre
 10756 | D:8      | Received a gift from Okawaru
 10761 | D:8      | Identified the cursed +0 hat "Zecan" {-Cast rN+ Str+2} (You
                  | found it on level 8 of the Dungeon)
 11458 | D:9      | Noticed a cyclops
 11458 | D:9      | Noticed a centaur warrior
 11458 | D:9      | Noticed a centaur warrior
 11459 | D:9      | Noticed a cyclops
 11459 | D:9      | Noticed a centaur warrior
 11469 | D:9      | Noticed a centaur warrior
 11479 | D:9      | Noticed a great orb of eyes
 11632 | D:9      | Found a staircase to the Lair.
 11648 | D:9      | Noticed Pikel
 11662 | D:9      | Killed Pikel
 11676 | D:9      | Noticed Erica
 11700 | D:9      | Killed Erica
 11926 | D:9      | Found Mitul's Antique Weapon Shop.
 12260 | D:9      | Reached skill level 13 in Long Blades
 12382 | D:9      | Found an ancient bone altar of Kikubaaqudgha.
 12482 | D:9      | Noticed a green ugly thing
 12496 | D:9      | Killed a green ugly thing
 12886 | D:10     | Entered Level 10 of the Dungeon
 12983 | D:10     | Noticed a two-headed ogre
 12992 | D:10     | Killed a two-headed ogre
 12993 | D:10     | Reached XP level 12. HP: 87/93 MP: 14/16
 13051 | D:10     | Reached ****** piety under Okawaru
 13052 | D:10     | Found a staircase to the Orcish Mines.
 13588 | D:10     | Received a gift from Okawaru
 13859 | D:10     | Found a portal to a secret trove of treasure.
 14499 | D:11     | Reached skill level 14 in Long Blades
 14780 | D:11     | Noticed Kirke
 14782 | D:11     | Noticed a sphinx
 14811 | D:11     | Killed Kirke
 14873 | D:11     | Noticed a two-headed ogre
 14885 | D:11     | Killed a two-headed ogre
 14886 | D:11     | Reached skill level 10 in Dodging
 15089 | D:11     | Reached skill level 10 in Charms
 15092 | D:11     | Reached XP level 13. HP: 75/101 MP: 4/17
 15360 | Lair:1   | Entered Level 1 of the Lair of Beasts
 15637 | Lair:1   | Received a gift from Okawaru
 15711 | Lair:1   | Reached skill level 15 in Long Blades
 16131 | Lair:1   | Learned a level 3 spell: Regeneration
 17503 | Lair:3   | Found a staircase to the Swamp.
 18333 | Lair:4   | Reached skill level 10 in Fighting
 18645 | Lair:4   | Found a staircase to the Shoals.
 18869 | Lair:4   | Reached skill level 10 in Armour
 18885 | Lair:4   | Received a gift from Okawaru
 18892 | Lair:4   | Identified a scroll of acquirement
 18893 | Lair:4   | Identified the ring of Voovoalo {rPois Str+3 Int+3} (You
                  | acquired it on level 4 of the Lair of Beasts)
 19478 | Lair:5   | Reached skill level 16 in Long Blades
 19630 | Lair:5   | Found a staircase to the Elven Halls.
 19705 | Lair:5   | Noticed Sonja
 19717 | Lair:5   | Reached XP level 14. HP: 95/111 MP: 10/18
 19729 | Lair:5   | Killed Sonja
 20490 | Lair:6   | Entered Level 6 of the Lair of Beasts
 20742 | Lair:6   | Received a gift from Okawaru
 20756 | Lair:6   | Got an ivory quarterstaff {god gift}
 21207 | Lair:6   | Reached skill level 17 in Long Blades
 21658 | Lair:6   | Found the +5 pair of quick blades "Gyre" and "Gimble"
                  | {pierce}
 21976 | D:12     | Entered Level 12 of the Dungeon
 22060 | D:12     | Received a gift from Okawaru
 22379 | D:12     | Noticed Psyche
 22388 | D:12     | Killed Psyche
 22404 | D:12     | Found a gate to the Vaults.
 22405 | D:12     | Noticed Azrael
 22422 | D:12     | Killed Azrael
 22423 | D:12     | Reached XP level 15. HP: 75/119 MP: 12/19
 22712 | D:12     | Received a gift from Okawaru
 22721 | D:12     | Got an ichor-stained fustibalus {god gift}
 22725 | D:12     | Identified the +3 fustibalus of the Vaults {velocity, rPois
                  | SInv} (Okawaru gifted it to you on level 12 of the Dungeon)
 23121 | D:12     | Found a staircase to the Depths.
 23930 | Swamp:1  | Entered Level 1 of the Swamp
 23987 | Swamp:1  | Found a radiant altar of Vehumet.
 24251 | Swamp:1  | Reached skill level 18 in Long Blades
 24430 | Swamp:1  | Found a frozen archway.
 24439 | IceCv    | Entered an ice cave
 24487 | IceCv    | Mangled by a golden dragon simulacrum

Skill      XL: |  1  2  3  4  5  6  7  8  9 10 11 12 13 14 15 |
---------------+----------------------------------------------+-----
Long Blades    | 3 4 5 6 8 10 11 13 14 16 17 18 | 18.0
Dodging        | 3 4 5 6 7 9 10 11 12 | 12.4
Armour         | 2 3 4 5 6 8 9 10 11 | 11.3
Charms         | 4 5 6 7 8 10 11 12 | 12.2
Fighting       | 3 4 5 6 7 8 9 10 11 | 11.5
Invocations    | 1 4 5 |  5.0
Spellcasting   | |  2.4

Action                   |  1- 3 |  4- 6 |  7- 9 | 10-12 | 13-15 || total
-------------------------+-------+-------+-------+-------+-------++-------
Melee: Long sword        |   133 |   150 |   208 |       |       ||   491
       Great sword       |       |       |   118 |   209 |       ||   327
       Demon blade       |       |       |       |   428 |   218 ||   646
       Unarmed           |       |       |       |    10 |       ||    10
       Triple sword      |       |       |       |       |   330 ||   330
       Scimitar          |       |       |       |       |    25 ||    25
 Fire: Fustibalus        |       |       |       |       |     2 ||     2
 Cast: Infusion          |    13 |    17 |    37 |    57 |    92 ||   216
       Song of Slaying   |     3 |     3 |       |    23 |    74 ||   103
       Ozocubu's Armour  |       |       |    37 |     1 |     1 ||    39
       Spectral Weapon   |       |       |     3 |    11 |    64 ||    78
       Swiftness         |       |       |       |     1 |       ||     1
Invok: Heroism           |       |       |     1 |     8 |     6 ||    15
       Finesse           |       |       |       |     5 |     4 ||     9
Evoke: Wand              |       |       |     1 |     5 |       ||     6
  Use: Potion            |       |       |     3 |       |       ||     3
       Scroll            |       |       |       |     9 |    19 ||    28
 Stab: Sleeping          |       |       |     1 |       |       ||     1
       Distracted        |       |       |       |     1 |     3 ||     4
  Eat: Chunk             |     8 |     9 |    25 |    41 |    55 ||   138
       Ration            |       |       |     4 |     1 |     1 ||     6
Armor: Leather armour    |    48 |    55 |   103 |       |       ||   206
       Scale mail        |       |       |    58 |   225 |   178 ||   461
       Swamp dragon scal |       |       |       |       |    18 ||    18
Dodge: Dodged            |    87 |   122 |   287 |   303 |   412 ||  1211
Block: Other             |    11 |     8 |    38 |   192 |   333 ||   582
